 Dungeon Crawl Stone Soup version 0.30-a0-737-gf23d94013f (webtiles) character file.

Game seed: 6827651251289131399

112694 oldriver the Marksmeteoran (level 17, -3/158 HPs)
             Began as a Meteoran Hunter on Jan 31, 2023.
             Was a High Priest of Okawaru.
             Slain by an azure jelly (18 damage)
             ... on level 1 of the Pits of Slime on Feb 4, 2023.
             The game lasted 01:13:23 (12990 turns).

oldriver the Marksmeteoran (Meteoran Hunter)       Turns: 12990, Time: 01:13:23

Health: -3/158     AC: 10    Str: 14    XL:     17   Next: 32%
Magic:  26/27      EV: 22    Int: 13    God:    Okawaru [*****.]
Gold:   682        SH:  0    Dex: 29    Spells: 16/16 levels left

rFire   . . .      SeeInvis .    V - +5 shortbow (freeze)
rCold   . . .      Faith    .    (shield currently unavailable)
rNeg    . . .      Spirit   .    S - +1 scale mail of the Abyss {Rampage rPois Regen+ Slay+3}
rPois   +          Reflect  .    l - +2 helmet
rElec   .          Harm     .    o - +0 cloak
rCorr   .          Rampage  +    Q - +1 pair of gloves
Will    ++...                    J - +2 pair of boots
Stlth   +                        y - amulet of the acrobat
HPRegen 1.26/turn                r - +6 ring of dexterity
MPRegen 0.20/turn                z - +4 ring of slaying

@: corroded, glowing
A: sense surroundings 2, otherworldly, glowing, explore regen, mutation
resistance 1, MP-powered wands
}: 1/15 runes: decaying
a: Renounce Religion, Heroism, Finesse, Duel


You were on level 1 of the Pits of Slime.
You worshipped Okawaru.
Okawaru was extremely pleased with you.
You visited 5 branches of the dungeon, and saw 23 of its levels.
You also visited: Bailey.

You collected 1082 gold pieces.
You spent 400 gold pieces at shops.

Inventory:

Hand Weapons
 b - a +4 short sword
 C - a +1 arbalest of electrocution
 V - a +5 shortbow of freezing (weapon)
Missiles
 i - 14 javelins
 w - 5 curare-tipped darts
Armour
 l - a +2 helmet (worn)
 o - a +0 cloak (worn)
 p - a +5 scale mail of poison resistance
 J - a +2 pair of boots (worn)
 M - the +3 buckler of Resonance {Rampage rC+ Str-4}
   (Okawaru gifted it to you on level 1 of the Swamp)

   Str:       It affects your strength (-4).
   rC:        It protects you from cold.
   Rampage:   It bestows one free step when moving towards enemies.
 Q - a +1 pair of gloves (worn)
 S - the +1 scale mail of the Abyss (worn) {Rampage rPois Regen+ Slay+3}
   (You found it on level 2 of the Swamp)

   Slay:      It affects your accuracy & damage with ranged weapons and melee
   (+3).
   rPois:     It protects you from poison.
   Regen:     It increases your rate of health regeneration.
   Rampage:   It bestows one free step when moving towards enemies.
Jewellery
 q - a ring of willpower
 r - a +6 ring of dexterity (left hand)
 y - an amulet of the acrobat (around neck)
 z - a +4 ring of slaying (right hand)
 B - a +6 ring of dexterity
 U - a ring of see invisible
 W - a ring of ice
Wands
 c - a wand of roots (10)
 f - a wand of acid (11)
 j - a wand of paralysis (9)
 H - a wand of mindburst (20)
 L - a wand of flame (17)
 R - a wand of polymorph (10)
Scrolls
 a - 2 scrolls of brand weapon
 e - 2 scrolls of immolation
 h - 2 scrolls of blinking
 t - 2 scrolls of poison
 x - a scroll of summoning
 E - 4 scrolls of teleportation
 I - 2 scrolls of amnesia
 X - 3 scrolls of identify
 Y - a scroll of fog
Potions
 d - 2 potions of cancellation
 g - 3 potions of resistance
 k - 3 potions of attraction
 m - 3 potions of haste
 n - a potion of degeneration
 u - a potion of mutation
 v - 4 potions of flight
 A - 6 potions of brilliance
 F - 3 potions of lignification
 G - a potion of heal wounds
 P - 3 potions of might


   Skills:
 + Level 16.0 Fighting
 - Level 16.0 Ranged Weapons
 + Level 14.4 Armour
 + Level 14.4 Dodging
 - Level 0.6 Stealth
 - Level 5.0 Shields
 - Level 13.0 Invocations
 - Level 5.0 Evocations


You had 16 spell levels left.
You didn't know any spells.
Your spell library contained the following spells:

 Spells                   Type           Power      Damage    Failure   Level
 Apportation              Tloc           0%         N/A       65%         1
 Foxfire                  Conj/Fire      0%         2x1d4     65%         1
 Kiss of Death            Conj/Necr      0%         2d5       65%         1
 Necrotise                Necr           0%         1d4       65%         1
 Blink                    Tloc           0%         N/A       78%         2
 Lesser Beckoning         Tloc           0%         N/A       78%         2
 Momentum Strike          Conj/Tloc      0%         3d8       78%         2
 Confusing Touch          Hex            0%         N/A       95%         3
 Dispel Undead            Necr           0%         3d6       100%        4
 Manifold Assault         Tloc           0%         N/A       100%        4
 Alistair's Intoxication  Tmut/Pois      0%         N/A       100%        5
 Arcjolt                  Conj/Air       0%         1d10      100%        5
 Borgnjor's Vile Clutch   Necr/Erth      0%         N/A       100%        5
 Fireball                 Conj/Fire      0%         3d3       100%        5
 Yara's Violent Unravell  Hex/Tmut       0%         3d3       100%        5
 Dispersal                Tloc           0%         N/A       100%        6
 Starburst                Conj/Fire      0%         6d3       100%        6
 Enfeeble                 Hex            0%         N/A       100%        7
 Disjunction              Tloc           0%         N/A       100%        8
 Summon Small Mammal      Summ           Unusable   N/A       N/A         1
 Animate Dead             Necr           Unusable   N/A       N/A         4
 Death Channel            Necr           Unusable   N/A       N/A         6
 Simulacrum               Ice/Necr       Unusable   N/A       N/A         6

Dungeon Overview and Level Annotations

Branches:
Dungeon (12/15) Zot: 200   Temple (1/1) D:4 Zot: 459    Lair (5/5) D:11 Zot: 29
  Swamp (4/4) Lair:3 Zot: 152   Slime (1/5) Lair:5 Zot: 584     Orc (0/2) D:10
 Bailey (visited)
  Snake: Lair:2-3    Spider: Lair:2-3

Altars:
Ashenzari
Dithmenos
Elyvilon
Fedhas
Hepliaklqana
Makhleb
Nemelex Xobeh
Okawaru
Qazlal
Ru
Sif Muna
Trog
Uskayaw
Wu Jian
Xom
Yredelemnul
The Shining One

Shops:
D:2 [([[   D:5 :   D:6 *   D:10 :

Annotations:
D:3 1 runed translucent door
D:7 1 runed translucent door, Pooter's ghost, novice MiFi
Lair:4 2 transporters


Innate Abilities, Weirdness & Mutations

You passively map the area around you.
You are easily found by Zot.
You glow in the dark.
You regain HP and MP as you explore.
You are somewhat resistant to further mutation.
You expend magic power (3 MP) to strengthen your wands.


Message History

You are too injured to fight recklessly!
You are too injured to fight recklessly!
You are too injured to fight recklessly!
You are too injured to fight recklessly!
You are too injured to fight recklessly!
You are too injured to fight recklessly!
You are too injured to fight recklessly!
You are too injured to fight recklessly!
You are too injured to fight recklessly!
You are too injured to fight recklessly!
You are too injured to fight recklessly!
You are too injured to fight recklessly!
You are too injured to fight recklessly!
You are too injured to fight recklessly!
You are too injured to fight recklessly!
You are too injured to fight recklessly!
You are too injured to fight recklessly!
You are too injured to fight recklessly!
You are too injured to fight recklessly!
Fire: V) +5 shortbow (freeze)
Press: ? - help, Shift-Dir - straight line, f/p - acid blob
Aim: an acid blob (heavily wounded, 92% to hit)
You shoot an arrow. The arrow hits the acid blob.
The arrow freezes the acid blob.
The acid blob is severely wounded.
The azure jelly hits you! The azure jelly freezes you!!
The azure jelly hits you. The azure jelly freezes you!!!
* * * LOW HITPOINT WARNING * * *
The azure jelly hits you but does no damage. x2
The acid blob hits you but does no damage.
Fire: V) +5 shortbow (freeze)
Press: ? - help, Shift-Dir - straight line, f/p - acid blob
Aim: an acid blob (severely wounded, 92% to hit)
You shoot an arrow. The arrow hits the acid blob!
The arrow freezes the acid blob.
The acid blob is almost dead.
The azure jelly hits you.
* * * LOW HITPOINT WARNING * * *
The azure jelly freezes you!!
You die...

, , ,, ,, ,*, ,, , ,
,,#...#.. , , , , ,
##..... , , , , , ,
#......, , ,,., *
..... , . * ..#
##...## ... * , ,
....#.....#....
,*#......J.......,,*
, , ,
#.....J@....... *
#.............. *
*##..#.....#....,*
## ##...## ..#* *
*..... , . #...... ,
##..... #.#.... *
,,,, , *


You could see an acid blob and an azure jelly.

Vanquished Creatures
  A tentacled monstrosity (Swamp:2)
  Mlioglotl (Arena)
  2 thorn hunters
  A quicksilver ooze (Slime:1)
  5 eleionomae
  6 bunyips
  A great orb of eyes (Slime:1)
  A shambling mangrove (Swamp:4)
  21 hydras
  Erolcha (D:9)
  A ghost crab (Arena)
  3 boulder beetles
  A two-headed ogre (D:9)
  6 death yaks
  9 alligators
  Urug (Lair:1)
  7 goliath frogs
  3 spriggan druids
  3 lindwurms
  6 bog bodies
  11 swamp dragons
  An ugly thing (Lair:5)
  A manticore (D:11)
  3 will-o-the-wisps
  9 elephants
  3 torpor snails
  A black mamba (Lair:5)
  A kobold demonologist (D:9)
  11 cane toads
  3 rime drakes
  8 komodo dragons
  3 unseen horrors
  An ancient zyme (Lair:5)
  A troll (D:10)
  5 polar bears
  17 blink frogs
  8 tyrant leeches
  5 hornets
  12 dream sheep
  2 ynoxinuls (Lair:5)
  5 spriggans
  A wraith (D:11)
  36 yaks
  3 wyverns
  8 basilisks
  23 vampire mosquitoes
  17 swamp worms
  2 acid dragons
  11 swamp drakes
  12 water moccasins
  13 orc warriors
  2 ice beasts (D:10)
  7 black bears
  11 centaurs
  2 ogres
  3 kobold brigands
  9 bullfrogs
  A necrophage (D:5)
  2 gnoll sergeants (D:10)
  A small abomination (Lair:5)
  3 scorpions
  7 wights (D:8)
  9 killer bees
  A howler monkey (D:9)
  3 electric eels
  A gnoll bouda (D:8)
  6 jellies
  6 orc priests
  5 hounds
  Jessica (D:3)
  20 orc wizards
  An iguana (D:7)
  4 hell rats (Lair:3)
  11 gnolls
  3 adders
  A shadow imp (D:7)
  2 white imps
  2 worms
  64 orcs
  6 endoplasms
  6 giant cockroaches
  12 goblins
  8 hobgoblins
  21 kobolds
  8 quokkas
  5 ball pythons
  10 bats
  2 frilled lizards
  6 rats
589 creatures vanquished.

Vanquished Creatures (collateral kills)
  3 orc warriors (Bailey)
  An orc (Bailey)
4 creatures vanquished.

Vanquished Creatures (others)
  A goliath frog (Swamp:4)
  A spriggan druid (Swamp:3)
  A bloated husk (Swamp:2)
  An orc priest (D:8)
  4 orc wizards
  20 foxfires
  51 fungi
  29 plants
108 creatures vanquished.

Grand Total: 701 creatures vanquished

Notes
Turn   | Place    | Note
-------+----------+-------------------------------------------
     0 | D:1      | oldriver the Meteoran Hunter began the quest for the Orb.
     0 | D:1      | Reached XP level 1. HP: 17/17 MP: 2/2
    27 | D:1      | Reached XP level 2. HP: 24/24 MP: 3/3
    57 | D:1      | Reached skill level 5 in Ranged Weapons
    77 | D:1      | Reached XP level 3. HP: 25/29 MP: 4/4
   315 | D:1      | Reached XP level 4. HP: 36/36 MP: 5/5
   450 | D:2      | Found Colaggo's Antique Armour Emporium.
   548 | D:2      | Found Cyray's Armour Shop.
   681 | D:2      | Found Xeixa's Antique Weapon Shop.
   691 | D:2      | Found Sauzaz's Armour Boutique.
   985 | D:3      | Noticed Jessica
   993 | D:3      | Killed Jessica
   994 | D:3      | Reached XP level 5. HP: 39/42 MP: 6/6
  1037 | D:3      | Reached skill level 1 in Armour
  1074 | D:3      | Found a sacrificial altar of Ru.
  1149 | D:3      | Found a faded altar of an unknown god.
  1266 | D:3      | Found a bloodstained altar of Trog.
  1456 | D:3      | Found a runed translucent door.
  1506 | D:4      | Reached XP level 6. HP: 45/50 MP: 7/7
  1555 | D:4      | Found a hazy altar of Hepliaklqana.
  1556 | D:4      | Found a shimmering blue altar of Sif Muna.
  1588 | D:4      | You fall into a shaft and drop 2 floors!
  1613 | D:6      | Noticed a black bear
  1625 | D:5      | Entered Level 5 of the Dungeon
  1637 | D:5      | Gained mutation: You are somewhat resistant to further
                  | mutation. [potion of mutation]
  1637 | D:5      | Gained mutation: You expend magic power (3 MP) to
                  | strengthen your wands. [potion of mutation]
  1675 | D:5      | Noticed an ogre
  1684 | D:5      | Reached XP level 7. HP: 55/57 MP: 8/8
  1732 | D:5      | Found Sonaugh's Book Shoppe.
  1873 | D:4      | Found a hide-covered altar of Uskayaw.
  2056 | D:5      | Found a blossoming altar of Fedhas.
  2299 | D:6      | Reached XP level 8. HP: 66/66 MP: 9/9
  2600 | D:6      | Reached skill level 10 in Ranged Weapons
  2613 | D:6      | Found Udaagaqi's General Store.
  2616 | D:6      | Bought a potion of curing for 39 gold pieces
  2616 | D:6      | Bought a scroll of teleportation for 39 gold pieces
  2811 | D:7      | Found a white marble altar of Elyvilon.
  2893 | D:7      | Gained mutation: You passively map the area around you.
                  | [Meteoran growth]
  2893 | D:7      | Reached XP level 9. HP: 72/72 MP: 10/10
  2945 | D:7      | Found a runed translucent door.
  2945 | D:7      | Noticed Pooter's ghost (novice MiFi)
  2953 | D:7      | Reached skill level 5 in Fighting
  3142 | D:8      | Found a flagged portal.
  3152 | Bailey   | Entered a bailey
  3535 | Bailey   | Reached XP level 10. HP: 45/83 MP: 11/11
  3656 | Bailey   | Glimpsed the power of Zot.
  3706 | Bailey   | Glimpsed the power of Zot.
  4028 | D:8      | Reached skill level 5 in Dodging
  4234 | D:9      | Noticed Erolcha
  4772 | D:4      | Found a staircase to the Ecumenical Temple.
  4786 | Temple   | Entered the Ecumenical Temple
  4908 | Temple   | Became a worshipper of Warmaster Okawaru
  5064 | D:9      | Noticed a two-headed ogre
  5072 | D:9      | Killed a two-headed ogre
  5084 | D:9      | Reached * piety under Okawaru
  5149 | D:9      | Reached XP level 11. HP: 73/95 MP: 12/12
  5256 | D:9      | Reached ** piety under Okawaru
  5577 | D:9      | Killed Erolcha
  5646 | D:9      | Found a shadowy altar of Dithmenos.
  5901 | D:10     | Entered Level 10 of the Dungeon
  5947 | D:10     | Found a basalt altar of Yredelemnul.
  6086 | D:10     | Reached *** piety under Okawaru
  6171 | D:10     | Reached skill level 10 in Fighting
  6586 | D:2      | Bought a +3 scale mail of poison resistance for 322 gold
                  | pieces
  6866 | D:10     | Found a staircase to the Orcish Mines.
  6898 | D:10     | Found Qyshoqes's Vocational Training.
  6950 | D:11     | Reached skill level 1 in Invocations
  7025 | D:11     | Reached skill level 1 in Shields
  7034 | D:11     | Reached skill level 10 in Dodging
  7036 | D:11     | Reached **** piety under Okawaru
  7095 | D:11     | Reached XP level 12. HP: 72/106 MP: 13/15
  7183 | D:11     | Glimpsed the power of Zot.
  7377 | D:12     | Reached ***** piety under Okawaru
  7411 | D:12     | Reached skill level 5 in Armour
  7609 | D:11     | Found a staircase to the Lair.
  7695 | Lair:1   | Entered Level 1 of the Lair of Beasts
  7754 | Lair:1   | Reached skill level 5 in Shields
  7968 | Lair:1   | Identified the +2 pair of boots of the Iron City of Dis
                  | {-Tele Dex+7} (Okawaru gifted it to you on level 1 of the
                  | Lair of Beasts)
  7968 | Lair:1   | Received a gift from Okawaru
  7969 | Lair:1   | Reached skill level 5 in Invocations
  8039 | Lair:1   | Noticed Urug
  8056 | Lair:1   | Killed Urug
  8057 | Lair:1   | Reached XP level 13. HP: 87/116 MP: 16/18
  8211 | Lair:1   | Glimpsed the power of Zot.
  8350 | Lair:2   | Noticed a five-headed hydra
  8362 | Lair:2   | Killed a five-headed hydra
  8721 | Lair:3   | Reached skill level 10 in Armour
  8827 | Lair:3   | Found a dark tunnel.
  9018 | Lair:3   | Noticed a four-headed hydra
  9036 | Lair:3   | Killed a four-headed hydra
  9047 | Lair:3   | Noticed a death yak
  9051 | Lair:3   | Noticed a death yak
  9052 | Lair:3   | Noticed a death yak
  9056 | Lair:3   | Noticed a death yak
  9061 | Lair:3   | Noticed a death yak
  9067 | Lair:3   | Killed a death yak
  9067 | Lair:3   | Identified the +1 arbalest "Laseliwn" {heavy, Will- rCorr
                  | Str+2 Int+2} (Okawaru gifted it to you on level 3 of the
                  | Lair of Beasts)
  9067 | Lair:3   | Received a gift from Okawaru
  9088 | Lair:3   | Killed a death yak
  9089 | Lair:3   | Reached skill level 10 in Invocations
  9089 | Lair:3   | Reached XP level 14. HP: 129/129 MP: 3/22
  9182 | Lair:3   | Found a staircase to the Swamp.
  9207 | Lair:3   | Upgraded the game from 0.30-a0-728-gc68057be0a to
                  | 0.30-a0-737-gf23d94013f
  9346 | Lair:4   | Found a transporter.
  9405 | Lair:5   | Entered Level 5 of the Lair of Beasts
  9638 | Lair:4   | Received a gift from Okawaru
  9718 | Lair:4   | Reached ****** piety under Okawaru
  9760 | Lair:4   | Found a transporter.
  9907 | Lair:5   | Reached skill level 15 in Ranged Weapons
 10011 | Lair:5   | Received a gift from Okawaru
 10186 | Lair:5   | Reached XP level 15. HP: 90/138 MP: 24/24
 10266 | Lair:5   | Found a staircase to the Slime Pits.
 10382 | Swamp:1  | Entered Level 1 of the Swamp
 10421 | Swamp:1  | Identified the +3 buckler of Resonance {Rampage rC+ Str-4}
                  | (Okawaru gifted it to you on level 1 of the Swamp)
 10421 | Swamp:1  | Received a gift from Okawaru
 10557 | Arena    | Entered the Arena
 10662 | Swamp:2  | Noticed a thorn hunter
 10696 | Swamp:2  | Killed a thorn hunter
 10711 | Arena    | Entered the Arena
 10729 | Swamp:2  | HP: 6/138 [will-o-the-wisp/foxfire (9)]
 10734 | Swamp:2  | HP: 4/138 [will-o-the-wisp/foxfire (10)]
 10876 | Swamp:2  | Reached skill level 1 in Evocations
 10891 | Swamp:2  | Received a gift from Okawaru
 10910 | Swamp:2  | Noticed a tentacled monstrosity
 10924 | Swamp:2  | Killed a tentacled monstrosity
 11026 | Arena    | Entered the Arena
 11155 | Swamp:3  | Reached XP level 16. HP: 69/147 MP: 25/25
 11257 | Swamp:3  | Reached skill level 5 in Evocations
 11306 | Swamp:3  | Reached skill level 15 in Fighting
 11367 | Swamp:4  | Entered Level 4 of the Swamp
 11400 | Swamp:4  | Identified the +1 robe "Donweol" {Harm *Slow Str+7 Int-3}
                  | (Okawaru gifted it to you on level 4 of the Swamp)
 11400 | Swamp:4  | Received a gift from Okawaru
 11771 | Swamp:4  | Noticed a thorn hunter
 11783 | Swamp:4  | Killed a thorn hunter
 11870 | Swamp:4  | Identified the +2 great mace "Gasucs" {antimagic, rN+ Will+
                  | rCorr} (Okawaru gifted it to you on level 4 of the Swamp)
 11870 | Swamp:4  | Received a gift from Okawaru
 11931 | Swamp:4  | Got a decaying rune of Zot
 12014 | Swamp:3  | Reached XP level 17. HP: 123/157 MP: 27/27
 12129 | Swamp:2  | Identified the +1 scale mail of the Abyss {Rampage rPois
                  | Regen+ Slay+3}
 12242 | Swamp:2  | Noticed Mlioglotl
 12245 | Swamp:2  | Noticed a tentacled starspawn
 12248 | Arena    | Entered the Arena
 12255 | Arena    | Killed Mlioglotl
 12900 | Lair:5   | Glimpsed the power of Zot.
 12926 | Lair:5   | Got the Quarto of Blasting and Frost
 12952 | Lair:5   | Glimpsed the power of Zot.
 12973 | Slime:1  | Entered Level 1 of the Pits of Slime
 12979 | Slime:1  | Noticed an acid blob
 12983 | Slime:1  | Noticed an azure jelly
 12990 | Slime:1  | Slain by an azure jelly

Illustrated notes

Levels and vault maps discovered:
D:1:      mrwooster_arrival_statue, layout_loops_cross, nicolae_titane
D:2:      layout_basic, serial_shops, nicolae_shop_window_shopping,
          nicolae_diamond_shop, nicolae_diamond_shop, shop, st_stairs_6,
          minmay_misc_feat_tiny
D:3:      layout_basic, trog_butcher_becter, mainiacjoe_overflow_boulevard,
          ebering_ecumenical_altar_sacrificial, serial_glass, glass_columns_b,
          glass_columns_a, glass_columns_a, glass_columns_a, uniq_jessica,
          uniq_crazy_yiuf_cottage
D:4:      layout_basic, nicolae_overflow_squiral, lemuel_coloured_pillars_altar,
          minmay_temple_entry_glassed_door
D:5:      layout_rooms, nicolae_overflow_crystal_walls, serial_shops,
          nicolae_diamond_shop
D:6:      layout_basic, serial_shops, kennysheep_mini_moat
D:7:      layout_loops_ring, general_overflow_altar,
          hellmonk_ghost_happy_afterlife
D:8:      layout_loops_ring, enter_bailey_4
D:9:      layout_layer_cave, kennysheep_mini, uniq_erolcha
D:10:     layout_loops_ring, minitemple, mainiacjoe_overflow_surrounded_room,
          hiddenorc1_lemuel, serial_ice, serial_ice_k, serial_ice_h,
          serial_ice_d, serial_ice_a, nicolae_shop_vocational
D:11:     layout_roguey [special_room_kobold], due_lair_maze_entry_diamond,
          st_stairs_1
D:12:     layout_roguey, uniq_fannar
Temple:   nicolae_temple_godpark
Lair:1:   layout_small_grid, serial_bayou_pond_c, uniq_urug
Lair:2:   layout_hall_layers, nicolae_snake_entry_warm_welcome, pond,
          infiniplex_staircase_pool_2, serial_bayou_shore_b
Lair:3:   layout_regular_city, swamp_mist_pool, enter_volcano_2,
          gammafunk_lair_bear_cave
Lair:4:   gammafunk_cloud_chamber, layout_concentric_octagons,
          columned_hall_lemuel
Lair:5:   hellmonk_lair_end_abyssal_woods, layout_cave_shapes,
          nicolae_slime_entry_field_trip, gauntlet_entry_generic
Swamp:1:  layout_falls_marsh, nicolae_swamp_fairy_circle
Swamp:2:  cheibrodos_swamp_monstrosity, layout_basic_swamp,
          evilmike_swamp_ruin_house_1, swamp_pool3, uniq_mlioglotl
Swamp:3:  layout_falls_marsh, evilmike_swamp_ruin_house_4, swamp_pool2,
          hangedman_swamp_diagram
Swamp:4:  swamp, layout_basic_swamp, swamp_pool2
Slime:1:  layout_caves, cheibrodos_slime_lost_civilization_5

Skill      XL: |  1  2  3  4  5  6  7  8  9 10 11 12 13 14 15 16 17 |
---------------+----------------------------------------------------+-----
Ranged Weapons | 5 6 7 8 10 12 13 14 16 | 16.0
Armour         | 1 2 3 8 10 13 14 | 14.4
Dodging        | 3 4 7 10 13 14 | 14.4
Fighting       | 3 4 6 8 10 11 13 14 15 16 | 16.0
Invocations    | 2 5 10 11 12 13 | 13.0
Shields        | 2 5 |  5.0
Evocations     | 4 5 |  5.0
Stealth        | |  0.6

Action                     |  1- 3 |  4- 6 |  7- 9 | 10-12 | 13-15 | 16-18 || total
---------------------------+-------+-------+-------+-------+-------+-------++-------
   Fire: Shortbow          |    76 |   152 |   286 |   399 |   626 |   444 ||  1983
         Sling             |       |       |       |   466 |   511 |       ||   977
 Invoke: Heroism           |       |       |       |     4 |     8 |     4 ||    16
         Finesse           |       |       |       |       |     3 |     3 ||     6
         Duel              |       |       |       |       |     3 |     1 ||     4
  Evoke: Wand              |       |       |     3 |     2 |     9 |     1 ||    15
    Use: Potion            |       |     3 |     2 |     1 |     3 |     1 ||    10
         Scroll            |       |     2 |    11 |    12 |     8 |     4 ||    37
 Armour: Leather armour    |    28 |    39 |    51 |    47 |       |       ||   165
         Scale mail        |       |       |       |   237 |   457 |   155 ||   849
  Dodge: Dodged            |    37 |    52 |    91 |   578 |   637 |   280 ||  1675
  Block: Buckler           |       |       |       |   247 |   238 |       ||   485

Table legend: (Time is in decaauts)
 A = Elapsed time spent in this place.
 B = Non-inter-level travel time spent in this place.
 C = Inter-level travel time spent in this place.
 D = Time resting spent in this place.
 E = Time spent auto-exploring this place.
 F = Levels seen in this place.
 G = Mean time per level.
                   A        B        C        D        E       F      G
               +--------+--------+--------+--------+--------+-----+--------+
         Total |  12999 |  10804 |   2195 |    403 |    580 |  28 |  464.2 |
       Dungeon |   7000 |   5394 |   1606 |    107 |    474 |  12 |  583.3 |
        Temple |    140 |    129 |     11 |      0 |     93 |   1 |  140.0 |
          Lair |   2970 |   2749 |    221 |    102 |      0 |   5 |  594.0 |
         Swamp |   2247 |   1890 |    357 |      0 |     12 |   4 |  561.8 |
    Slime Pits |     14 |     14 |      0 |      0 |      0 |   1 |   14.0 |
        Bailey |    569 |    569 |      0 |    179 |      0 |   1 |  569.0 |
         Arena |     57 |     57 |      0 |     15 |      0 |   4 |   14.2 |
               +--------+--------+--------+--------+--------+-----+--------+

Top non-repeatable levels by time:
     D:9: 988 daAuts
  Lair:3: 851 daAuts
     D:6: 791 daAuts
     D:8: 734 daAuts
  Lair:5: 686 daAuts
    D:10: 656 daAuts
 Swamp:2: 606 daAuts
 Swamp:4: 604 daAuts
     D:3: 595 daAuts
     D:2: 582 daAuts
  Bailey: 569 daAuts
  Lair:4: 542 daAuts
  Lair:1: 528 daAuts
 Swamp:3: 519 daAuts
 Swamp:1: 516 daAuts
